 Dungeon Crawl Stone Soup version 0.16-a0-3880-g9314259 (webtiles) character file.

1129 timbw the Slasher (level 8, -7/57 HPs)
             Began as an Octopode Berserker on Feb 1, 2015.
             Was an Elder of Trog.
             Mangled by an orc knight
             ... wielding a +0 glaive
              (28 damage)
             ... in a bailey.
             The game lasted 00:13:15 (2497 turns).

timbw the Slasher (Octopode Berserker)              Turns: 2497, Time: 00:13:16

Health: -7/57      AC:  1    Str: 16      XL:     8   Next: 35%
Magic:  8/8        EV: 14    Int: 10      God:    Trog [****..]
Gold:   165        SH:  0    Dex: 11 (13) Spells: 0 memorised, 7 levels left

rFire  . . .     SeeInvis .     d - +0 scimitar
rCold  . . .     Clarity  .     (no shield)
rNeg   . . .     SustAb   .     (helmet restricted)
rPois  .         Gourm    .     (no amulet)
rElec  .         Spirit   .     (no ring)
rCorr  .         Warding  .     (no ring)
rMut   .         Stasis   .     (no ring)
MR     .....                    (no ring)
Stlth  ++........               (no ring)
                                (no ring)
                                (no ring)
                                (no ring)

@: not resistant to hostile enchantments, unstealthy
A: almost no armour, amphibious, 8 rings, constrict 8, camouflage 1, gelatinous
body 1
a: Burn Spellbooks, Berserk, Trog's Hand, Brothers in Arms, Renounce Religion


You were in a bailey.
You worshipped Trog.
Trog was greatly pleased with you.
You were not hungry.

You visited 1 branch of the dungeon, and saw 9 of its levels.
You also visited: Bailey.

You collected 165 gold pieces.

Inventory:

Hand weapons
 a - a +0 falchion
 d - a +0 scimitar (weapon)
 m - the +1 lajatang of Infinity {slice, +Inv rElec rF- rC+ Str+4}
   (You found it on level 7 of the Dungeon)

   It inflicts extra damage upon your enemies.
   It affects your strength (+4).
   It makes you vulnerable to fire.
   It protects you from cold.
   It insulates you from electricity.
   It lets you turn invisible.
 t - a +2 vampiric short sword
Missiles
 h - 5 poisoned needles
 k - 3 tomahawks (quivered)
Armour
 i - a +2 buckler
Scrolls
 e - a scroll of amnesia
 j - 4 scrolls of remove curse
 n - 2 scrolls of teleportation
Potions
 f - a potion of restore abilities {unknown}
 l - 2 potions of heal wounds {unknown}
 r - a potion of agility {unknown}
Comestibles
 b - a royal jelly
 c - a bread ration
 q - 3 meat rations


   Skills:
 + Level 5.7 Fighting
 * Level 7.2 Long Blades
 + Level 5.9 Dodging


You had 7 spell levels left.
You didn't know any spells.

Dungeon Overview and Level Annotations

Branches:
Dungeon (9/15)
 Temple: D:4-7         Lair: D:8-11         Orc: D:9-12

Altars:
Ashenzari
Cheibriados
Elyvilon
Gozag
Okawaru
Ru
Xom


Innate Abilities, Weirdness & Mutations

You cannot wear most types of armour.
You are amphibious.
You can wear up to eight rings at the same time.
You can use your tentacles to constrict many enemies at once.
Your skin changes colour to match your surroundings (Stealth).
Your rubbery body absorbs attacks (AC +1).


Message History

The orc knight roars a battlecry!
The orc warrior goes into a battle-frenzy!
The orc knight roars a battlecry!
The orc warrior goes into a battle-frenzy!
The orc knight roars a battlecry!
The orc knight roars a battlecry!
The orc warrior goes into a battle-frenzy!
The orc knight roars a battlecry!
The orc warrior goes into a battle-frenzy!
You close the door.
The orc knight roars a battlecry!
The orc warriors go into a battle-frenzy!
The orc knight roars a battlecry!
The orc warriors go into a battle-frenzy!
The orc knight suddenly curses.
The orc knight roars a battlecry!
The orc warrior goes into a battle-frenzy!
An orc knight opens the door.
The orc knight hits you from afar with a glaive!!
You die...

...≈≈..## ##..≈≈..........#
≈≈≈≈..##.∩.##))≈≈≈≈≈≈≈≈≈≈.#
.....##.....##..........≈.#
#########+###'#########.≈.#
.........## ##.≈.#
.≈≈≈§≈≈≈..## ##..≈.#
≈....o≈§§§## ##..≈≈.#
..⌠⌠⌠oo§§..#'#))≈≈.∩#
...⌠.oo≈§§@#'#..≈≈.##
.....≈≈..'#.##..≈≈.#
≈≈≈≈≈..##o..##..≈.# $$.#
.....##.....##.≈.# ###
+#############.≈.# ##
##..).......≈.# ≈######
##..≈≈≈≈≈≈≈≈≈≈.# ..##...##
##..≈≈..........#
.##..≈..###..≈≈..##########


You could see an orc knight.

Vanquished Creatures
  A hungry ghost (D:7)
  An orc warrior (D:8)
  A necrophage (D:6)
  A phantom (D:7)
  A black bear (D:6)
  A quasit (D:8)
  3 crimson imps
  An orc priest (D:4)
  A giant frog skeleton (D:6)
  2 iguanas (D:6)
  4 orc wizards
  A worker ant (D:7)
  Jessica (D:2)
  A hound skeleton (D:8)
  8 gnolls
  2 adders
  A giant mite (D:7)
  A shadow imp (D:7)
  2 white imps (D:9)
  4 worms (D:3)
  2 giant geckos
  28 orcs
  8 bats
  A bat skeleton (D:8)
  2 giant cockroaches
  2 hobgoblins
  3 jackals (D:7)
  A ball python (D:2)
  11 goblins
  2 kobolds
  A quokka zombie (D:5)
  2 rats
101 creatures vanquished.

Notes
Turn   | Place    | Note
--------------------------------------------------------------
     0 | D:1      | timbw, the Octopode Berserker, began the quest for the Orb.
     0 | D:1      | Reached XP level 1. HP: 16/16 MP: 1/1
    78 | D:2      | Reached XP level 2. HP: 14/21 MP: 2/2
    87 | D:2      | Reached XP level 3. HP: 9/26 MP: 3/3
   158 | D:2      | Found an opulent altar of Gozag.
   188 | D:2      | Found an iron altar of Okawaru.
   189 | D:2      | Noticed Jessica
   202 | D:2      | Found a sacrificial altar of Ru.
   206 | D:2      | Noticed an orc wizard
   216 | D:2      | Killed an orc wizard
   216 | D:2      | Reached XP level 4. HP: 14/31 MP: 4/4
   229 | D:2      | Acquired Trog's second power
   229 | D:2      | Reached skill level 4 in Long Blades
   239 | D:2      | Killed Jessica
   326 | D:3      | Reached XP level 5. HP: 13/37 MP: 5/5
   575 | D:3      | Found a white marble altar of Elyvilon.
   664 | D:4      | Reached XP level 6. HP: 34/43 MP: 6/6
   760 | D:5      | Entered Level 5 of the Dungeon
   858 | D:6      | Found a snail-covered altar of Cheibriados.
   888 | D:6      | Reached skill level 5 in Long Blades
  1028 | D:6      | Found a shimmering altar of Xom.
  1095 | D:6      | Reached XP level 7. HP: 32/49 MP: 7/7
  1258 | D:6      | Reached skill level 5 in Fighting
  1275 | D:6      | Reached skill level 5 in Dodging
  1422 | D:7      | Reached skill level 6 in Long Blades
  1464 | D:7      | Noticed a hungry ghost
  1475 | D:7      | Killed a hungry ghost
  1475 | D:7      | Reached XP level 8. HP: 44/56 MP: 8/8
  1589 | D:7      | Got an ichor-stained lajatang
  1590 | D:7      | Identified the +1 lajatang of Infinity {slice, +Inv rElec rF- rC+ Str+4} (You found it on level 7 of the Dungeon)
  1601 | D:8      | Found a shattered altar of Ashenzari.
  1768 | D:8      | Reached skill level 7 in Long Blades
  1880 | D:9      | Found a flagged portal.
  1890 | D:9      | Acquired Trog's third power
  1899 | Bailey   | Entered a bailey
  2248 | Bailey   | Noticed an orc knight
  2426 | Bailey   | Noticed an orc knight
  2497 | Bailey   | Mangled by an orc knight

Action                   |  1- 3 |  4- 6 |  7- 9 || total
-------------------------+-------+-------+-------++-------
Melee: Falchion          |    27 |   108 |   116 ||   251
       Scimitar          |       |       |    44 ||    44
Throw: Tomahawk          |       |       |     8 ||     8
Invok: Berserk           |     1 |     3 |     3 ||     7
       Trog's Hand       |       |     1 |     4 ||     5
  Use: Scroll            |       |       |    10 ||    10
 Stab: Sleeping          |     1 |     2 |       ||     3
       Paralysed         |     1 |       |       ||     1
  Eat: Chunk             |       |     4 |     1 ||     5
       Beef jerky        |       |     1 |     1 ||     2
       Bread ration      |       |       |     2 ||     2
